Description

1 Base build on golden wall (GSL S2, Special vs Zest), with close to home, proxied factory and starport in order to get a 3 hellion drop across the map faster/confuse the protoss. Then into fast BC with a two tank, pre-stim marine push hitting stimultaneously

VOD

http://vod.afreecatv.com/PLAYER/STATION/58101539

Build Order

Get SALT Encoding   

  12  0:00  SCV  
  13  0:12  SCV  
  14  0:19  Supply Depot  
  14  0:24  SCV  
  15  0:28  Refinery  
  15  0:35  SCV  
  16  0:45  Barracks  
  16  0:53  SCV  
  17  1:07  SCV  
  18  1:19  SCV  
  19  1:33  Marine  
  21  1:35  Factory  Proxied factory
  21  1:42  Orbital Command  
  21  1:45  Supply Depot  shoo away probes scouting and pretend you want to take your natural
  21  1:51  Marine  
  22  2:00  Refinery  
  22  2:05  SCV  Continue SCV production until full one base saturation + 1 supply building SCV
  23  2:08  Marine  
  24  2:18  Starport  Proxied, built with factory SCV
  24  2:19  Hellion  
  27  2:28  Barracks Reactor  
  28  2:35  Supply Depot  
  28  2:40  Hellion  
  31  2:56  Medivac  
  33  3:02  Hellion  
  35  3:05  Marine x2  Continued marine production
  37  3:10  Fusion Core  
  37  3:14  Supply Depot  
  39  3:30  Action  Send out 3 hellion medivac drop, float factory to main
  39  3:35  Starport Tech Lab  
  40  3:38  Supply Depot  
  40  3:50  Widow Mine  
  41  3:51  Supply Depot  
  44  4:02  Action  Hellion drop should be close to enemy main now for harrass
  46  4:17  Battlecruiser  
  52  4:21  Factory Tech Lab  
  54  4:36  Barracks  
  54  4:42  Siege Tank  
  57  4:50  Barracks  Go up to 3 rax asap, no addons, continue marine production
  59  5:15  Siege Tank  
  72  5:50  Action  2nd tank about to pop, grab a few scvs and move out, while BC should almost be at protoss main
Spawning Tool Build Advisor. Get it on Overwolf

Go to:

Details

  • Created by: eCakes
  • Published on: Jun 22, 2020
  • Modified on: Jun 22, 2020
  • Patch: 4.11.0
  • Difficulty: Hard
Show
View Real Time Build Order
Export as new Build Order

Comments (0)

There are no comments. Be the first!

Create an account to comment!